Map: Cerulean Fall LE

Players

Lambo - Winner!

  • Race: Zerg Zerg
  • League: Grandmaster
  • Spawn Location: 1:00

soul

  • Race: Terran Terran
  • League: Grandmaster
  • Spawn Location: 7:00

VOD

Have the link to the VOD?

Description

Time

  • Played on: Dec. 20, 2018, 12:55 p.m.
  • Length: 9:12
Show
View Real Time Build Order
Export as new Build Order

Lambo Zerg - Winner!

Build Orders: Hatch First 

Get SALT Encoding   

  12  0:02  Drone  
  13  0:12  Overlord  
  13  0:17  Drone  
  14  0:31  Drone x2  
  16  0:49  Hatchery  
  15  0:52  Drone  
  15  0:55  Drone  
  17  1:00  Drone  
  18  1:10  Extractor  
  17  1:14  Spawning Pool  
  17  1:17  Drone  
  17  1:20  Drone  
  18  1:29  Drone  
  19  1:42  Drone  
  20  1:52  Overlord  
  20  2:01  Queen x2  
  20  2:02  Zergling x4  
  26  2:10  Metabolic Boost  
  26  2:13  Drone  
  26  2:14  Drone  
  28  2:21  Drone  
  29  2:23  Drone  
  30  2:39  Hatchery  
  29  2:44  Queen  
  29  2:48  Drone  
  29  2:51  Overlord  
  32  2:56  Drone x2  
  34  2:59  Drone  
  34  3:02  Drone  
  36  3:12  Drone x3  
  39  3:13  Drone  
  39  3:16  Queen  
  42  3:22  Queen  
  42  3:26  Overlord  
  44  3:47  Drone x3  
  48  3:48  Zergling x6  
  48  3:51  Queen  
  48  3:54  Queen  
  54  3:56  Drone  
  54  3:57  Drone  
  54  3:59  Overlord  
  54  4:00  Drone x2  
  58  4:06  Roach Warren  
  58  4:08  Extractor  
  58  4:09  Drone  
  57  4:10  Extractor  
  58  4:19  Overlord  
  58  4:22  Overlord  
  58  4:24  Overlord  
  58  4:30  Overlord  
  58  4:31  Lair  
  58  4:37  Queen  
  58  4:38  Drone x5  
  65  4:41  Overlord  
  65  4:42  Drone  
  65  4:45  Drone  
  67  4:48  Drone x3  
  70  4:53  Drone  
  70  4:54  Drone x2  
  70  4:58  Drone  
  74  5:01  Drone x3  
  74  5:03  Spore Crawler  
  74  5:06  Extractor, Drone x2  
  77  5:07  Extractor  
  77  5:10  Evolution Chamber  
  77  5:12  Evolution Chamber  
  74  5:15  Zergling x6  
  74  5:16  Overlord, Drone  
  74  5:18  Drone  
  79  5:24  Drone x3  
  79  5:25  Spore Crawler  
  79  5:26  Spore Crawler  
  79  5:27  Drone  
  79  5:28  Drone  
  82  5:30  Extractor  
  82  5:31  Extractor  
  80  5:37  Overlord  
  80  5:38  Overlord  
  80  5:39  Drone x2  
  80  5:40  Zerg Missile Weapons Level 1  
  87  5:50  Roach x5  
  87  5:54  Drone x3  
  87  5:56  Drone x2  
  95  6:02  Drone x3  
  97  6:05  Glial Reconstitution  
  97  6:07  Drone  
  97  6:09  Spire  
  97  6:11  Drone  
  98  6:12  Drone  
  98  6:13  Extractor, Drone  
  98  6:16  Drone x2  
  98  6:17  Drone  
  102  6:20  Queen  
  102  6:23  Overlord  
  104  6:25  Overlord  
  104  6:40  Hatchery  
  104  6:42  Overlord  
  104  6:44  Overlord  
  103  6:56  Overlord x2  
  103  7:01  Ravager  
  104  7:20  Corruptor x10  
  120  7:33  Roach x9, Zergling x2  
  132  7:47  Roach x5, Zergling x2  
  143  7:51  Overlord  
  143  7:53  Roach  
  143  7:56  Ravager  
  146  7:59  Overlord  
  146  8:00  Zergling x8  
  146  8:02  Ravager x2  
  146  8:04  Roach  
  149  8:13  Roach x4  
  149  8:14  Ravager x2  
  149  8:15  Overlord  
  149  8:17  Roach  
  159  8:20  Roach, Zergling x4  
  163  8:31  Roach x6  
  164  8:40  Roach x4  
  164  8:45  Roach x2  
  165  8:49  Roach x2  
Show
View Real Time Build Order
Export as new Build Order

soul Terran 

Build Orders: Reaper Expand 

Get SALT Encoding   

  12  0:00  SCV  
  13  0:13  SCV  
  14  0:21  Supply Depot  
  14  0:25  SCV  
  15  0:36  Refinery  
  15  0:43  SCV  
  15  0:46  Barracks  
  16  0:55  SCV  
  17  1:07  SCV  
  18  1:19  SCV  
  19  1:33  Reaper, Orbital Command  
  20  1:44  Command Center  
  20  1:56  Factory  
  20  1:59  SCV  
  21  2:05  Refinery  
  21  2:11  SCV  
  21  2:14  Barracks Reactor  
  22  2:16  Supply Depot  
  22  2:23  SCV  
  23  2:38  SCV  
  23  2:43  Starport  
  24  2:54  Hellion x2  
  24  2:56  SCV  
  29  2:59  Barracks Tech Lab  
  29  3:00  Orbital Command  
  29  3:08  SCV  
  30  3:16  Hellion x2  
  34  3:20  SCV  
  34  3:25  SCV  
  36  3:28  Viking  
  36  3:32  SCV  
  39  3:37  SCV  
  39  3:38  Supply Depot  
  40  3:44  SCV  
  41  3:49  Fusion Core, SCV  
  41  3:55  Hellion  
  44  3:56  SCV  
  44  4:00  Hellion  
  44  4:01  SCV  
  51  4:08  SCV  
  52  4:13  SCV, Supply Depot  
  50  4:17  Supply Depot  
  50  4:20  SCV  
  51  4:25  SCV  
  52  4:33  SCV  
  52  4:35  Refinery  
  52  4:36  Refinery  
  52  4:38  SCV, Battlecruiser  
  60  4:47  Command Center  
  60  4:49  SCV  
  60  4:51  SCV  
  62  5:01  SCV  
  62  5:05  Barracks Tech Lab  
  62  5:06  Factory  
  62  5:07  Factory, SCV  
  62  5:13  SCV  
  62  5:14  Supply Depot  
  63  5:19  SCV  
  64  5:25  SCV, Hellion x2  
  69  5:29  Supply Depot  
  69  5:31  SCV  
  69  5:32  Barracks Tech Lab  
  70  5:36  Supply Depot  
  70  5:41  SCV  
  70  5:42  Battlecruiser  
  77  5:49  SCV  
  78  5:56  SCV  
  79  5:57  Armory  
  79  6:00  Armory  
  79  6:01  Orbital Command  
  79  6:03  SCV  
  80  6:05  Hellion x2  
  80  6:09  SCV  
  85  6:12  Weapon Refit  
  85  6:14  Cyclone  
  85  6:16  Supply Depot  
  88  6:21  SCV  
  88  6:23  Orbital Command, Cyclone  
  88  6:25  SCV  
  93  6:33  SCV  
  93  6:35  Supply Depot  
  93  6:37  Refinery, SCV  
  93  6:40  Refinery  
  93  6:41  Supply Depot  
  93  6:45  SCV  
  93  6:46  Cyclone  
  96  6:47  Hellion  
  96  6:48  SCV  
  96  6:49  SCV  
  100  6:55  Cyclone  
  100  6:57  SCV  
  100  7:00  SCV  
  105  7:01  SCV  
  105  7:05  Mag-Field Accelerator  
  106  7:09  SCV  
  106  7:11  Terran Vehicle Weapons Level 1, Terran Vehicle And Ship Armor Level 1  
  106  7:13  SCV  
  106  7:14  SCV  
  109  7:19  Supply Depot  
  109  7:21  SCV, Supply Depot  
  110  7:25  SCV  
  110  7:26  Hellion  
  110  7:27  SCV  
  110  7:29  Hellion  
  116  7:33  SCV  
  118  7:37  SCV  
  118  7:39  SCV  
  118  7:41  Cyclone x2  
  125  7:45  SCV  
  125  7:49  SCV  
  125  7:50  Battlecruiser  
  133  7:51  SCV  
  133  7:54  Supply Depot  
  133  7:56  Supply Depot  
  134  7:59  Command Center, SCV  
  139  8:11  SCV  
  136  8:19  Siege Tank x2  
  142  8:20  Hellion x2  
  142  8:23  Factory  
  142  8:24  SCV  
  139  8:27  SCV  
  120  8:39  SCV  
  99  8:41  SCV, Hellion x2  
  99  8:46  SCV  
Tags
 
Add a new tag
Caveats
  • Supply blocks, unpowered buildings, or Contaminate may cause inaccurate times.
  • Supply counts are checked every 10 seconds.